 Dungeon Crawl Stone Soup version 0.29.1-1-gd02db69 (webtiles) character file.

Game seed: 4661767553781106038

60 Kel the Insei (level 3, -3/42 HPs)
             Began as a Demigod Transmuter on Jan 26, 2023.
             Slain by a gnoll
             ... wielding a +0 spear
              (4 damage)
             ... on level 2 of the Dungeon.
             The game lasted 00:06:13 (2151 turns).

Kel the Insei (Demigod Transmuter)                  Turns: 2151, Time: 00:06:14

Health: -3/42      AC: 21    Str: 11    XL:     3   Next: 57%
Magic:  8/9        EV:  2    Int: 19    God:
Gold:   74         SH:  0    Dex: 14    Spells: 5/6 levels left

rFire   . . .      SeeInvis .     - Unarmed
rCold   . . .      Faith    .   (no shield)
rNeg    . . .      Spirit   .   (body armour currently unavailable)
rPois   +          Reflect  .   (helmet currently unavailable)
rElec   .          Harm     .   (cloak currently unavailable)
rCorr   .          Rampage  .   (gloves currently unavailable)
Will    .....      NoTele   +   (boots currently unavailable)
Stlth   +.........              (no amulet)
HPRegen 0.14/turn               (no ring)
MPRegen 0.11/turn               (no ring)

@: tree-form
A: stationary, stasis, torment immunity, boosted hp, high MP 1, forlorn, divine
attributes
a: no special abilities


You were on level 2 of the Dungeon.
You were a tree.
You visited 1 branch of the dungeon, and saw 2 of its levels.

You collected 74 gold pieces.

Inventory:

Armour
 a - a +0 robe (melded)
Scrolls
 c - 2 scrolls of poison {unknown}
 e - a scroll of identify {unknown}
 f - a scroll of amnesia {unknown}
 g - 2 scrolls of teleportation {unknown}
 i - a scroll of magic mapping {unknown}
Potions
 d - 2 potions of curing {unknown}
 h - a potion of mutation {unknown}
 j - a potion of degeneration {unknown}
 k - a potion of haste {unknown}


   Skills:
 + Level 1.6 Fighting
 + Level 2.3 Dodging
 + Level 3.0 Unarmed Combat
 + Level 2.2 Spellcasting
 + Level 2.2 Transmutations


You had 5 spell levels left.
You knew the following spells:

 Your Spells              Type           Power      Damage    Failure   Level
a - Beastly Appendage     Tmut           20%        N/A       6%          1

Your spell library contained the following spells:

 Spells                   Type           Power      Damage    Failure   Level
 Wereblood                Tmut           10%        N/A       10%         2
 Sting                    Tmut/Pois      24%        1d4       11%         1
 Passwall                 Tmut/Erth      5%         N/A       16%         2
 Ensorcelled Hibernation  Hex/Ice        4%         N/A       26%         2
 Spider Form              Tmut/Pois      6%         N/A       30%         3
 Swiftness                Air            2%         N/A       45%         3
 Ice Form                 Ice/Tmut       6%         N/A       71%         4


Dungeon Overview and Level Annotations

Branches:
Dungeon (2/15)

Shops:
D:2 :


Innate Abilities, Weirdness & Mutations

You are a tree.
Your roots penetrate the ground, keeping you stationary.
You cannot be teleported.
You are immune to unholy pain and torment.
Your maximum health is greatly increased.
Your equipment is partially melded.
You have an increased reservoir of magic. (+10% MP)
You shall have no god before yourself.
Your divine heritage dramatically boosts your attributes as you level up.


Message History

You are too injured to fight recklessly!
You hit the gnoll but do no damage. Your kick misses the gnoll.
The gnoll is moderately wounded.
The gnoll hits you from afar with a +0 halberd.
* * * LOW HITPOINT WARNING * * *
The gnoll hits you with a +0 club.
* * * LOW HITPOINT WARNING * * *
A dart slug comes into view.
Really quaff the potion of lignification? [Y]es or [N]o only, please.
Really quaff the potion of lignification?
Okay, then.
Really quaff the potion of lignification?
Uppercase [Y]es or [N]o only, please.
Really quaff the potion of lignification?
Your horns disappear.
Your talons disappear.
You turn into a tree.
Your +0 robe melds into your body.
Your roots penetrate the ground.
The gnoll hits you but does no damage. The gnoll completely misses you.
You hit the gnoll. You punch the gnoll, but do no damage.
The gnoll is moderately wounded.
The gnoll hits you but does no damage. x2
You barely miss the gnoll.
The gnoll is moderately wounded.
The gnoll hits you but does no damage. x2
You hit the gnoll.
The gnoll is heavily wounded.
The gnoll hits you but does no damage. The gnoll barely misses you.
You smack the gnoll!
You kill the gnoll!
The bat hits you but does no damage. The gnoll hits you but does no damage.
You hit the gnoll.
The gnoll is lightly wounded.
The bat hits you but does no damage. The gnoll hits you but does no damage.
The gnoll hits you from afar with a +0 halberd!
* * * LOW HITPOINT WARNING * * *
You hit the gnoll.
The gnoll is moderately wounded.
The bat hits you but does no damage. The gnoll hits you with a +0 spear.
You die...

.#.##.# #.#
...##.######.#
.####........#
.# ##########
.# .# .# .#
######### .#
#.#.#..♣#
.#######
##†#.b#.g#
.......#
#.#..###gr#
######.####..##
#rw# #
#...#..## #..#
# ###...## ..#
# ###..# .# #
##..# ## ##
#..#


You could see 2 gnolls, a dart slug, a bat and 2 rats.

Vanquished Creatures
  A gnoll (D:2)
  A dart slug (D:2)
  2 bats
  4 endoplasms
  5 giant cockroaches
  2 goblins (D:1)
  3 hobgoblins (D:2)
  3 jackals (D:2)
  3 quokkas
  4 ball pythons
  5 frilled lizards
  4 kobolds (D:2)
  8 rats
45 creatures vanquished.

Notes
Turn   | Place    | Note
-------+----------+-------------------------------------------
     0 | D:1      | Kel the Demigod Transmuter began the quest for the Orb.
     0 | D:1      | Reached XP level 1. HP: 15/15 MP: 5/5
   247 | D:1      | Reached skill level 1 in Fighting
   497 | D:1      | Got Plato's Anthology of Contamination
   575 | D:1      | Reached XP level 2. HP: 22/23 MP: 5/7
  1600 | D:2      | Reached XP level 3. HP: 28/28 MP: 6/8
  1728 | D:2      | Reached skill level 3 in Unarmed Combat
  2027 | D:2      | Found Toalutee's Vocational Training.
  2150 | D:2      | HP: 1/42 [gnoll/+0 halberd (10)]
  2151 | D:2      | Slain by a gnoll

Illustrated notes

Levels and vault maps discovered:
D:1:      mushboom_english_gardens, layout_loops_cross,
          shapermc_ecumenical_altar_rom_forum, chequers_serial_rivers_micro_e
D:2:      minmay_diamond_boxcup, layout_loops_cross, nicolae_shop_vocational

Skill      XL: |  1  2  3 |
---------------+----------+-----
Fighting       | 1 |  1.6
Dodging        | 2 |  2.3
Transmutations | 2 |  2.2
Spellcasting   | 2 |  2.2
Unarmed Combat | 3 |  3.0

Action                   || total
-------------------------++-------
Melee: Unarmed           ||   129
       Kick              ||    15
       Headbutt          ||     5
       Punch             ||     3
 Cast: Beastly Appendage ||    27
  Use: Potion            ||     1
 Stab: Sleeping          ||     5
Armor: Robe              ||    26
       Skin              ||    11
Dodge: Dodged            ||    79
